 Dungeon Crawl Stone Soup version 0.26-a0-642-g67e99244d3 (webtiles) character file.

Game seed: 2514586845904454705

1 Descartes the Sneak (level 1, -7/10 HPs)
             Began as a Felid Delver on Sept 21, 2020.
             Mangled by Prince Ribbit (17 damage)
             ... on level 5 of the Dungeon.
             The game lasted 00:00:24 (25 turns).

Descartes the Sneak (Felid Delver)                    Turns: 25, Time: 00:00:24

Health: -7/10      AC:  1    Str:  8    XL:     1   Next: 16%
Magic:  2/2        EV: 18    Int: 11    God:
Gold:   0          SH:  0    Dex: 17    Spells: 0/0 levels left
                                        Lives:  0   Deaths: 0

rFire    . . .     SeeInvis +     - Unarmed
rCold    . . .     Faith    .   (shield unavailable)
rNeg     . . .     Spirit   .   (armour unavailable)
rPois    .         Reflect  .   (helmet unavailable)
rElec    .         Harm     .   (cloak unavailable)
rCorr    .         Rampage  .   (gloves unavailable)
MR       .....                  (boots unavailable)
Stlth    ++++......             (no amulet)
HPRegen  0.03/turn              (no ring)
MPRegen  0.08/turn              (no ring)

@: quick
A: very small, no armour, no weapons or thrown items, stealth, claws 1, fangs 3,
see invisible, speed 1, shaggy fur 1, sharp paws
a: no special abilities


You were on level 5 of the Dungeon.
You visited 1 branch of the dungeon, and saw 1 of its levels.

Inventory:

Wands
 e - a wand of digging (3)
Scrolls
 a - a scroll of fog
 b - a scroll of magic mapping
 c - a scroll of fear
 f - a scroll of enchant armour {unknown}
Potions
 d - a potion of haste


   Skills:
 - Level 3.0 Fighting
 - Level 2.6 Dodging
 + Level 6.7 Stealth
 - Level 2.0 Unarmed Combat


You couldn't memorise any spells.
You didn't know any spells.
Your spell library was empty.

Dungeon Overview and Level Annotations

Branches:
Dungeon (5/15)
 Temple: D:4-7

Altars:

Shops:
D:5 *

Annotations:
D:5 Prince Ribbit


Innate Abilities, Weirdness & Mutations

You cannot wear armour.
You are incapable of wielding weapons or throwing items.
Your paws allow you to move quietly. (Stealth)
You have sharp claws.
You have razor-sharp teeth.
You have supernaturally acute eyesight. (SInv)
You cover ground quickly.
You are covered in fur. (AC +1)
Your sharp claws are effective at attacking unaware monsters.


Message History

f - a scroll labeled TYOTHI ZOWULUEVYC A giant cockroach comes into view.
Found 5 large rocks.
Found a stone staircase leading up.
You closely miss the giant cockroach. You bite the giant cockroach.
The giant cockroach is heavily wounded.
The giant cockroach misses you.
You scratch the giant cockroach.
You kill the giant cockroach!
An orc comes into view. It is wielding a +0 hand axe.
The orc shouts!
The orc moves out of view.
Found a scroll labeled TYOTHI ZOWULUEVYC.
An orc wizard comes into view. It is wielding a +0 dagger.
Prince Ribbit comes into view.
An orc wizard comes into view. It is wielding a +0 dagger.
Prince Ribbit croaks.
The orc wizard shouts!
You hear a shout!
A centaur comes into view.
Prince Ribbit hits you!
Ouch! That really hurt!
You die...

#..#. #..#.#
......##.#.#####
#...........#
....###.##.##.#
.. #.## .# #..#
# ##.# #.#####.c
#@Fo.....
#......o.....
#......o...##
#.......?..#
#..........#
#..........#
############


You could see Prince Ribbit, a centaur (wandering), 2 orc wizards and an orc.

Vanquished Creatures
  A giant cockroach (D:5)
1 creature vanquished.

Notes
Turn   | Place    | Note
-------+----------+-------------------------------------------
     0 | D:5      | Descartes the Felid Delver began the quest for the Orb.
     0 | D:5      | Reached XP level 1. HP: 10/10 MP: 2/2
    22 | D:5      | Noticed an orc wizard
    22 | D:5      | Noticed Prince Ribbit
    22 | D:5      | Noticed an orc wizard
    25 | D:5      | Noticed a centaur
    25 | D:5      | Mangled by Prince Ribbit

Illustrated notes

Levels and vault maps discovered:
D:5:      layout_rooms, grunt_dithmenos_shadows, serial_shops, shop, shop, shop,
          shop_fountains, nicolae_shop_behind_doors, uniq_prince_ribbit1

Action                   || total
-------------------------++-------
Melee: Unarmed           ||     2
       Bite              ||     1
Dodge: Dodged            ||     1

Table legend: (Time is in decaauts)
 A = Elapsed time spent in this place.
 B = Non-inter-level travel time spent in this place.
 C = Inter-level travel time spent in this place.
 D = Time resting spent in this place.
 E = Time spent auto-exploring this place.
 F = Levels seen in this place.
 G = Mean time per level.
                   A        B        C        D        E       F      G
               +--------+--------+--------+--------+--------+-----+--------+
         Total |     20 |     20 |      0 |      0 |      0 |   1 |   20.0 |
       Dungeon |     20 |     20 |      0 |      0 |      0 |   1 |   20.0 |
               +--------+--------+--------+--------+--------+-----+--------+

Top non-repeatable levels by time:
     D:5: 20 daAuts
